 Dungeon Crawl Stone Soup version 0.26.1-11-gd32895ea62 (webtiles) character file.

Game seed: 4677766295358181019

10454 promet the Tainter (level 11, -1/82 (84) HPs)
             Began as a Merfolk Venom Mage on June 25, 2021.
             Was a High Priest of Dithmenos.
             Splashed by an acid dragon's acid (7 damage)
             ... on level 10 of the Dungeon.
             The game lasted 02:01:21 (15790 turns).

promet the Tainter (Merfolk Venom Mage)            Turns: 15790, Time: 02:01:24

HP:   -1/82 (84)    AC: 12    Str: 14    XL:     11   Next: 62%
MP:   10/24         EV: 12    Int: 18    God:    Dithmenos [*****.]
Gold: 481           SH:  0    Dex: 15    Spells: 13/28 levels left

rFire    + . .     SeeInvis .   a - +6 demon trident
rCold    . . .     Faith    +   (no shield)
rNeg     . . .     Spirit   .   l - +1 scale mail {rF+}
rPois    .         Reflect  .   G - +0 helmet
rElec    .         Harm     .   z - +0 cloak
rCorr    +         Rampage  +   (no gloves)
Will     .....                  T - +2 pair of boots {rampage}
Stlth    ++........             h - amulet of faith
HPRegen  0.23/turn              p - ring of resist corrosion
MPRegen  0.19/turn              C - +6 ring of strength

@: berserk cooldown, wreathed by umbra, lightly drained
A: change form in water, swift swim, stealthy swim, blurry vision 1, robust 1
a: Renounce Religion, Shadow Step, Shadow Form


You were on level 10 of the Dungeon.
You worshipped Dithmenos.
Dithmenos was extremely pleased with you.
You visited 1 branch of the dungeon, and saw 11 of its levels.

You collected 596 gold pieces.
You spent 115 gold pieces at shops.

Inventory:

Hand Weapons
 a - a +6 demon trident (weapon)
 b - the +8 longbow "Zephyr" {speed, Dex+3 SInv}
   (You acquired it on level 7 of the Dungeon)

   Attacks with this weapon are significantly faster.
   It affects your dexterity (+3).
   It lets you see invisible.
 e - a +0 hunting sling
 x - a +2 short sword of electrocution
 y - a +0 whip of freezing
 A - a +1 war axe of flaming
 L - a +0 battleaxe of electrocution
 M - a +5 dagger
 R - the +1 rapier of Xemyfroi {speed, +Inv rC+ Str-4 Dex+3}
   (You found it on level 9 of the Dungeon)

   Attacks with this weapon are significantly faster.
   It affects your strength (-4).
   It affects your dexterity (+3).
   It protects you from cold.
   It lets you turn invisible.
Missiles
 g - 284 stones
 j - 202 arrows
 n - 7 silver javelins
 r - 93 bolts
 t - 21 boomerangs (quivered)
 H - 12 poisoned darts
 I - 8 silver boomerangs
 N - 48 sling bullets
Armour
 l - a +1 scale mail of fire resistance (worn)
 z - a +0 cloak (worn)
 E - +0 steam dragon scales
 G - a +0 helmet (worn)
 T - a +2 pair of boots of rampaging (worn)
Magical Staves
 f - an uncursed staff of poison
 B - an uncursed staff of cold
Jewellery
 h - an amulet of faith (around neck)
 p - a ring of resist corrosion (left hand)
 C - a +6 ring of strength (right hand)
 K - an uncursed amulet of regeneration
Wands
 q - a wand of random effects (65)
 w - a wand of polymorph (7)
 J - a wand of disintegration (11)
 O - a wand of acid (9)
Scrolls
 c - 3 scrolls of magic mapping
 o - 11 scrolls of identify
 s - 3 scrolls of teleportation
 u - 3 scrolls of remove curse
Potions
 d - 2 potions of brilliance
 i - a potion of flight
 k - 2 potions of might
 m - 7 potions of curing
 v - 4 potions of heal wounds
 D - 2 potions of invisibility
 P - a potion of haste
 S - a potion of magic {unknown}


   Skills:
 + Level 4.3 Fighting
 + Level 2.5 Short Blades
 + Level 1.4(2.1) Axes
 + Level 4.0(5.0) Polearms
 + Level 1.7(2.3) Staves
 + Level 1.4 Slings
 + Level 4.4 Bows
 + Level 0.4(1.2) Throwing
 + Level 0.8 Armour
 + Level 6.5 Dodging
 + Level 4.0 Stealth
 + Level 9.0 Spellcasting
 + Level 1.6 Hexes
 + Level 3.8 Summonings
 + Level 5.4 Transmutations
 + Level 1.5 Fire Magic
 + Level 3.6 Air Magic
 + Level 9.1 Poison Magic
 + Level 0.2 Evocations


You had 13 spell levels left.
You knew the following spells:

 Your Spells              Type           Power        Failure   Level
a - Sting                 Tmut/Pois      100%         1%          1
b - Poisonous Vapours     Pois/Air       62%          4%          2
c - Ignite Poison         Fire/Tmut/Pois 27%          13%         3
d - Call Imp              Summ           21%          12%         2
e - Olgreb's Toxic Radia  Pois           40%          9%          4
f - Summon Guardian Gole  Hex/Summ       17%          36%         3

Your spell library contained the following spells:

 Spells                   Type           Power        Failure   Level
 Summon Small Mammal      Summ           84%          9%          1
 Mephitic Cloud           Conj/Pois/Air  23%          21%         3
 Call Canine Familiar     Summ           21%          24%         3
 Summon Lightning Spire   Summ/Air       21%          63%         4
 Summon Ice Beast         Ice/Summ       15%          86%         4
 Bolt of Magma            Conj/Fire/Erth 5%           100%        5
 Iskenderun's Battlesphe  Conj           8%           100%        5
 Iron Shot                Conj/Erth      4%           100%        6
 Orb of Destruction       Conj           4%           100%        7
 Spellforged Servitor     Conj/Summ      7%           100%        7


Dungeon Overview and Level Annotations

Branches:
Dungeon (11/15)            Temple (0/1) D:4             Orc (0/2) D:10
   Lair: D:8-11

Altars:
Dithmenos
Elyvilon
Gozag
Qazlal
Ru
Sif Muna
Uskayaw
Vehumet
Wu Jian
Xom
Yredelemnul
The Shining One

Shops:
D:4 ?   D:6 (   D:10 =

Annotations:
D:9 2 transporters, Patoropollo's ghost, novice GnFi
D:10 Josephine


Innate Abilities, Weirdness & Mutations

You revert to your normal form in water.
You are very nimble and swift while swimming.
You are very stealthy in the water. (Stealth+)
Scrolls take you a little longer to read.
You are robust. (+10% HP)


Message History

Press: ? - help, Dir - move target, f/p - Josephine
Aim: Josephine, wielding a +0 dagger, wearing a +0 robe and carrying a wand of digging (3) (heavily wounded, umbra)
You reach to attack!
You puncture Josephine!
Josephine is heavily wounded.
You hit Josephine.
Josephine is heavily wounded.
Josephine closely misses you.
Your crimson imp blinks!
You closely miss Josephine.
Josephine is heavily wounded.
Josephine hits you but does no damage. The acid dragon closely misses you.
The acid dragon claws you but does no damage.
Josephine points at you and mumbles some strange words.
The ghostly flame explodes!
The ghostly fireball engulfs you!
You feel drained.
* * * LOW HITPOINT WARNING * * *
The acid dragon spits acid at you. The splash of acid hits you. You resist.
* * * LOW HITPOINT WARNING * * *
You are splashed with acid!
You resist.
You die...

.# #.# #.#
#.......... .# #.#
#.# #.##.####.#
.###.# #.# #.##.#
#.# .#..^# #.#
#.##.# #∩# ...#.#
#.# #.##.# #.#
.#...# # #.#
#..#.####.#
.##..######.#.####
##..#......
.#...............#
#.#>####..
.....########.##@#
#.#....... ..######
#..#.### #.#.###.##
.#.....# #..D@8§#
#.#.# #.># ..####.#
#..#5#.# #.#.# ####
..# #.# ##.##..#
#.#.###### ..# #.#
#.###.# #.........
### #.# #..>..#
###.###### # #<#
#.#[### #.....# #
#.#
#.#.#######.#.#.####


You could see Josephine, an acid dragon (catching breath), a friendly guardian
golem (summoned) and a friendly crimson imp (summoned, sheltered).

Vanquished Creatures
  Harold (D:10)
  Urug (D:10)
  2 unseen horrors
  Pikel (D:5)
  An ugly thing (D:11)
  Joseph (D:10)
  Maggie (D:7)
  2 trolls
  A meliai zombie (D:11)
  11 yaks
  A steam dragon (D:9)
  A basilisk (D:11)
  Menkaure (D:7)
  Duvessa (D:7)
  A nameless horror (D:11)
  3 black bears
  2 orc warriors
  3 ice beasts (D:10)
  A sky beast (D:10)
  A hornet zombie (D:8)
  A necrophage (D:9)
  3 centaurs (D:9)
  4 ogres
  2 phantoms
  3 bullfrogs
  Dowan (D:7)
  3 killer bees (D:7)
  5 wights (D:7)
  A howler monkey (D:4)
  3 orc priests
  5 jellies
  A bullfrog zombie (D:7)
  2 centaur skeletons
  Crazy Yiuf (D:7)
  2 bullfrog skeletons
  6 hounds
  An iguana (D:7)
  Terence (D:2)
  6 orc wizards
  5 worker ants
  A hound zombie (D:7)
  2 hound skeletons
  A worker ant zombie (D:10)
  6 gnolls
  5 adders
  A howler monkey skeleton (D:10)
  4 shadow imps
  2 oozes
  2 adder zombies
  4 worms (D:3)
  A dart slug (D:1)
  3 leopard geckos
  28 orcs
  4 hobgoblins
  15 jackals
  6 kobolds
  4 quokkas
  3 ball pythons
  A bat (D:2)
  6 frilled lizards
  2 goblins
  A jackal skeleton (D:4)
  2 leopard gecko skeletons
  A quokka skeleton (D:4)
  A quokka zombie (D:9)
  7 rats
206 creatures vanquished.

Vanquished Creatures (collateral kills)
  3 yaks (D:9)
  An orc priest (D:7)
  A white imp (D:7)
5 creatures vanquished.

Vanquished Creatures (others)
  A yak (D:9)
  2 fungi (D:11)
  67 plants
70 creatures vanquished.

Grand Total: 281 creatures vanquished

Notes
Turn   | Place    | Note
-------+----------+-------------------------------------------
     0 | D:1      | promet the Merfolk Venom Mage began the quest for the Orb.
     0 | D:1      | Reached XP level 1. HP: 13/13 MP: 3/3
   232 | D:1      | Reached XP level 2. HP: 13/19 MP: 5/5
   235 | D:1      | Learned a level 2 spell: Poisonous Vapours
  1053 | D:2      | Found a shadowy altar of Dithmenos.
  1073 | D:2      | Became a worshipper of Dithmenos the Shadowed
  1199 | D:2      | Noticed a phantom
  1538 | D:2      | Noticed Terence
  1568 | D:1      | Reached XP level 3. HP: 23/24 MP: 0/6
  2027 | D:2      | Killed a phantom
  2028 | D:2      | Reached skill level 1 in Short Blades
  2028 | D:2      | Reached XP level 4. HP: 29/31 MP: 6/8
  2106 | D:2      | Gained mutation: You are agile. (Dex +2) [potion of
                  | mutation]
  2106 | D:2      | Gained mutation: You are robust. (+10% HP) [potion of
                  | mutation]
  2116 | D:2      | Learned a level 3 spell: Ignite Poison
  2120 | D:2      | Killed Terence
  2121 | D:2      | Reached XP level 5. HP: 39/39 MP: 1/9
  2746 | D:3      | Reached skill level 1 in Air Magic
  2930 | D:3      | Reached * piety under Dithmenos
  3059 | D:3      | Reached skill level 1 in Fighting
  3059 | D:3      | Reached XP level 6. HP: 42/47 MP: 6/11
  3259 | D:3      | Lost mutation: You are robust. (+10% HP) [potion of
                  | mutation]
  3259 | D:3      | Lost mutation: You are agile. (Dex +2) [potion of mutation]
  3259 | D:3      | Gained mutation: Scrolls take you a little longer to read.
                  | [potion of mutation]
  3259 | D:3      | Gained mutation: You are robust. (+10% HP) [potion of
                  | mutation]
  4189 | D:4      | Found Xipu's Magic Scroll Boutique.
  4313 | D:4      | Reached ** piety under Dithmenos
  4380 | D:4      | Found a staircase to the Ecumenical Temple.
  4453 | D:4      | Reached skill level 5 in Poison Magic
  4736 | D:4      | Reached XP level 7. HP: 52/52 MP: 8/13
  5077 | D:4      | Reached skill level 1 in Slings
  5365 | D:4      | Bought a scroll of teleportation for 33 gold pieces
  5365 | D:4      | Bought a scroll of enchant armour for 82 gold pieces
  5493 | D:5      | Entered Level 5 of the Dungeon
  5718 | D:5      | Learned a level 2 spell: Call Imp
  6315 | D:5      | Noticed Pikel
  6330 | D:5      | Killed Pikel
  6331 | D:5      | Reached skill level 1 in Polearms
  6331 | D:5      | Reached skill level 5 in Spellcasting
  6331 | D:5      | Reached XP level 8. HP: 59/59 MP: 0/15
  6798 | D:6      | Found Buur's Antique Weapon Shop.
  8095 | D:7      | Found a white marble altar of Elyvilon.
  8193 | D:7      | Noticed Maggie
  8200 | D:7      | Killed Maggie
  8201 | D:7      | Reached skill level 1 in Summonings
  8436 | D:7      | Noticed Duvessa
  8436 | D:7      | Noticed Dowan
  8459 | D:7      | Killed Duvessa
  8471 | D:7      | Killed Dowan
  8472 | D:7      | Reached XP level 9. HP: 62/67 MP: 2/17
  8576 | D:7      | Identified a scroll of acquirement
  8576 | D:7      | Acquired the +8 longbow "Zephyr" {speed, Dex+3 SInv}
  8576 | D:7      | Found the +8 longbow "Zephyr" {speed, Dex+3 SInv}
  8840 | D:7      | Reached skill level 1 in Bows
  9188 | D:7      | Noticed Menkaure
  9197 | D:7      | Killed Menkaure
  9578 | D:7      | Reached *** piety under Dithmenos
  9579 | D:7      | Reached skill level 1 in Staves
  9722 | D:7      | Found a runed translucent door.
  9723 | D:7      | Noticed Crazy Yiuf
  9778 | D:7      | Found an ornate altar of the Wu Jian Council.
  9778 | D:7      | Found a hide-covered altar of Uskayaw.
  9778 | D:7      | Found a glowing golden altar of the Shining One.
  9778 | D:7      | Found a shimmering blue altar of Sif Muna.
  9779 | D:7      | Found a radiant altar of Vehumet.
  9780 | D:7      | Found a stormy altar of Qazlal.
  9781 | D:7      | Found a sacrificial altar of Ru.
  9783 | D:7      | Found an opulent altar of Gozag.
  9784 | D:7      | Found a shimmering altar of Xom.
  9785 | D:7      | Found a basalt altar of Yredelemnul.
  9846 | D:7      | Killed Crazy Yiuf
 10118 | D:8      | Learned a level 4 spell: Olgreb's Toxic Radiance
 10122 | D:8      | Learned a level 3 spell: Summon Guardian Golem
 11199 | D:9      | Noticed a hornet
 11292 | D:9      | Noticed Patoropollo's ghost (novice GnFi)
 11299 | D:9      | Noticed a queen bee
 11539 | D:9      | Noticed a troll
 11548 | D:9      | Killed a troll
 11660 | D:9      | Got a jewelled rapier
 11662 | D:9      | Identified the cursed +1 rapier of Xemyfroi {speed, +Inv
                  | rC+ Str-4 Dex+3} (You found it on level 9 of the Dungeon)
 11766 | D:9      | Reached XP level 10. HP: 66/75 MP: 15/20
 12003 | D:9      | Reached skill level 1 in Fire Magic
 12008 | D:9      | Reached **** piety under Dithmenos
 12101 | D:9      | Reached skill level 5 in Dodging
 12500 | D:9      | Found a transporter.
 12500 | D:9      | Found a transporter.
 13262 | D:10     | Entered Level 10 of the Dungeon
 13287 | D:10     | Reached skill level 1 in Axes
 13697 | D:10     | Noticed Harold
 13698 | D:10     | Noticed Joseph
 13711 | D:10     | Killed Joseph
 13712 | D:10     | Reached XP level 11. HP: 83/83 MP: 3/23
 13722 | D:10     | Killed Harold
 13723 | D:10     | Reached skill level 5 in Transmutations
 14036 | D:10     | Noticed an unseen horror
 14044 | D:10     | Killed an unseen horror
 14173 | D:10     | Reached ***** piety under Dithmenos
 14205 | D:10     | Noticed Urug
 14650 | D:10     | Killed Urug
 14824 | D:10     | Found Nimihu's Jewellery Shop.
 14834 | D:10     | Found a staircase to the Orcish Mines.
 15114 | D:11     | Noticed a cyan ugly thing
 15199 | D:11     | Noticed an unseen horror
 15207 | D:11     | Killed an unseen horror
 15208 | D:11     | Reached skill level 1 in Hexes
 15244 | D:11     | Noticed a cyclops
 15451 | D:11     | Killed a cyan ugly thing
 15752 | D:11     | Noticed Josephine
 15790 | D:10     | Splashed by an acid dragon's acid

Illustrated notes

Levels and vault maps discovered:
D:1:      minmay_arrival_five_plusses, layout_loops_cross
D:2:      layout_loops_ring, nicolae_dithmenos_shadow_blocks, uniq_terence
D:3:      layout_loops_ring
D:4:      layout_rooms, minmay_temple_entry_gardened_gates, serial_bayou,
          serial_bayou_lake_a, serial_bayou_pond_c, serial_bayou_crossing,
          serial_bayou_pond_e, serial_bayou_pond_c, serial_shops, shop
D:5:      layout_cave_pools, chequers_jeans, uniq_pikel
D:6:      layout_basic, serial_shops, nicolae_shop_trees
D:7:      layout_basic, minitemple, uniq_maggie, uniq_duvessa,
          uniq_crazy_yiuf_cottage, uniq_menkaure
D:8:      layout_basic, grunt_decor_clamped, hangedman_decor_peaks_small
D:9:      layout_loops_corners, gammafunk_ghost_hive
D:10:     layout_loops_ring, orc_0_dummy, serial_shops, shop, uniq_harold,
          uniq_urug, uniq_joseph
D:11:     layout_irregular_city, david_lair_generic, minmay_alternating_orb,
          uniq_josephine, uniq_sonja

Skill      XL: |  1  2  3  4  5  6  7  8  9 10 11 |
---------------+----------------------------------+-----
Dodging        | 3 4 6 |  6.5
Transmutations | 2 3 4 5 |  5.4
Short Blades   | 1 2 |  2.5
Poison Magic   | 4 5 6 7 8 9 |  9.1
Spellcasting   | 3 4 5 7 8 9 |  9.0
Air Magic      | 1 2 3 |  3.6
Fighting       | 1 2 3 4 |  4.3
Slings         | 1 |  1.4
Polearms       | 1 2 3 4 |  4.0
Stealth        | 3 4 |  4.0
Summonings     | 2 3 |  3.8
Bows           | 2 3 4 |  4.4
Staves         | 1 |  1.7
Fire Magic     | 1 |  1.5
Axes           | 1 |  1.4
Hexes          | 1 |  1.6
Throwing       | |  0.4
Armour         | |  0.8
Evocations     | |  0.2

Action                   |  1- 3 |  4- 6 |  7- 9 | 10-12 || total
-------------------------+-------+-------+-------+-------++-------
Melee: Short sword       |    38 |    31 |     9 |       ||    78
       Halberd           |       |       |     9 |       ||     9
       Staff             |       |       |    77 |    15 ||    92
       Battleaxe         |       |       |    12 |       ||    12
       Rapier            |       |       |    10 |    12 ||    22
       War axe           |       |       |     5 |    25 ||    30
       Glaive            |       |       |       |    23 ||    23
       Morningstar       |       |       |       |     3 ||     3
       Demon trident     |       |       |       |    33 ||    33
 Fire: Hunting sling     |       |    15 |    16 |       ||    31
       Longbow           |       |       |    69 |   104 ||   173
Throw: Boomerang         |       |     3 |     5 |       ||     8
 Cast: Sting             |    24 |    28 |    14 |     5 ||    71
       Poisonous Vapours |     9 |    44 |    44 |    15 ||   112
       Ignite Poison     |       |     1 |    14 |    18 ||    33
       Call Imp          |       |       |    13 |    10 ||    23
       Olgreb's Toxic Ra |       |       |       |    17 ||    17
       Summon Guardian G |       |       |       |    10 ||    10
Evoke: Wand              |       |       |       |     3 ||     3
  Use: Scroll            |     4 |     3 |    12 |     1 ||    20
       Potion            |     5 |     5 |     3 |     1 ||    14
 Stab: Sleeping          |     1 |       |     1 |     2 ||     4
Armor: Robe              |    11 |     4 |    14 |       ||    29
       Steam dragon scal |       |       |    27 |    24 ||    51
       Scale mail        |       |       |       |    37 ||    37
Dodge: Dodged            |    37 |    39 |   149 |   152 ||   377
